 Dungeon Crawl Stone Soup version 0.20.1-1-g8b1a95d (webtiles) character file.

991 SmokeFace the Spear-Bearer (level 8, -4/62 HPs)
             Began as a Merfolk Skald on July 26, 2017.
             Was a Follower of Okawaru.
             Killed from afar by an orc wizard (5 damage)
             ... with a magic dart
             ... on level 5 of the Dungeon.
             The game lasted 00:17:38 (6130 turns).

SmokeFace the Spear-Bearer (Merfolk Skald)          Turns: 6130, Time: 00:17:39

Health: -4/62      AC:  3    Str: 12    XL:     8   Next: 18%
Magic:  6/11       EV: 12    Int: 14    God:    Okawaru [*.....]
Gold:   251        SH:  0    Dex: 13    Spells: 0/11 levels left

rFire    . . .     SeeInvis .   z - +0 scythe
rCold    . . .     Gourm    .   (shield currently unavailable)
rNeg     . . .     Faith    .   b - +0 leather armour
rPois    .         Spirit   .   C - +0 hat
rElec    .         Reflect  .   (no cloak)
rCorr    .         Harm     .   (no gloves)
MR       .....                  (no boots)
Stlth    ++........             (no amulet)
Regen    0.2/turn               r - ring of stealth
MPRegen  0.2/turn               (no ring)

@: no status effects
A: change form in water, swift swim, stealthy swim
a: Heroism, Renounce Religion


You were on level 5 of the Dungeon.
You worshipped Okawaru.
Okawaru was aware of your devotion.
You were hungry.

You visited 2 branches of the dungeon, and saw 6 of its levels.

You collected 251 gold pieces.


   Skills:
 + Level 5.1 Fighting
 * Level 10.1 Polearms
 - Level 0.6 Armour
 - Level 2.6 Dodging
 - Level 2.0 Spellcasting
 + Level 5.8 Charms


You couldn't memorise any spells.
You knew the following spells:

 Your Spells              Type           Power        Failure   Level  Hunger
a - Shroud of Golubria    Chrm/Tloc      #.........   14%         2    ###....
c - Song of Slaying       Chrm           ###.....     4%          2    ###....
g - Regeneration          Chrm/Necr      #.........   26%         3    ####...
x - Spectral Weapon       Hex/Chrm       #.......     26%         3    ####...
z - Infusion              Chrm           ###.         2%          1    ##.....

Inventory:

Hand Weapons
 a - a +0 spear
 o - a +0 halberd
 z - a +0 scythe (weapon)
Missiles
 B - 2 throwing nets {=f}
Armour
 b - a +0 leather armour (worn)
 u - a +0 chain mail
 C - a +0 hat (worn)
Jewellery
 r - a ring of stealth (left hand)
Wands
 y - a wand of lightning (7/15)
Scrolls
 e - 2 scrolls of enchant armour {unknown}
 f - 3 scrolls of remove curse {unknown}
 h - a scroll of identify {unknown}
 j - 3 scrolls of teleportation {unknown}
 k - a scroll of immolation {unknown}
 m - a scroll of amnesia {unknown}
 n - a scroll of recharging {unknown}
 q - a scroll of blinking {unknown}
 s - a scroll of fear {unknown}
Potions
 l - a potion of flight {unknown}
 p - a potion of ambrosia {unknown}
 t - a potion of berserk rage {unknown}
 v - 2 potions of lignification {unknown}
 w - a potion of might {unknown}
 x - a potion of brilliance {unknown}
Books
 c - a book of Battle

   Spells                             Type                      Level
   a - Infusion                       Charms                       1
   b - Shroud of Golubria             Charms/Translocation         2
   c - Song of Slaying                Charms                       2
   d - Spectral Weapon                Hexes/Charms                 3
   e - Regeneration                   Charms/Necromancy            3
Comestibles
 d - 4 bread rations
 g - 3 fruits
 i - 4 meat rations
 A - a chunk of flesh

Dungeon Overview and Level Annotations

Branches:
Dungeon (5/15)             Temple (1/1) D:4

Altars:
Ashenzari
Cheibriados
Elyvilon
Gozag
Kikubaaqudgha
Okawaru
Qazlal
Ru
Sif Muna
Trog
Vehumet
Yredelemnul

Annotations:
D:5 Eustachio

. ...
▒▒▒▒▒▒▒▒▒▒▒▒▒▒▒.....
▒.........%oo.......
▒.▒▒.▒▒▒▒▒▒m▒▒▒.....
▒.▒▒.▒ ▒.▒ ..▒
▒.▒▒.▒▒▒▒ ▒.▒ ▒
▒.▒▒....▒ ▒.▒
▒.▒▒▒▒▒.▒ ▒>▒ ▒.▒
▒.▒ ▒.▒ .▒
▒.▒▒▒▒▒.▒▒▒.▒▒.▒▒▒▒
▒............▒.▒...
▒▒▒▒▒▒▒.▒..▒.....▒.


You could see an orc priest and an orc wizard.


Message History

The puff of flame hits you!
* * * LOW HITPOINT WARNING * * *
The orc priest misses you.
You closely miss the orc wizard.
The orc wizard is almost dead.
Your skin stops crawling.
You are no longer magically infusing your attacks.
The orc wizard mumbles some strange words.
The orc wizard seems to speed up.
The orc priest barely misses you. The orc wizard hits you with a dagger.
* * * LOW HITPOINT WARNING * * *
You barely miss the orc wizard.
The orc wizard is almost dead.
The orc wizard hits you with a dagger.
* * * LOW HITPOINT WARNING * * *
The orc priest barely misses you.
The orc wizard hits you but does no damage.
The orc priest barely misses you.
You closely miss the orc wizard.
The orc wizard is almost dead.
The orc wizard hits you with a dagger.
* * * LOW HITPOINT WARNING * * *
The orc wizard barely misses you.
The orc priest miscasts a cantrip.
You hit the orc wizard.
The orc wizard is almost dead.
The orc wizard barely misses you. x2; The orc priest misses you.
The orc wizard gestures at you while chanting.
The magic dart hits you!
You die...

Action                   |  1- 3 |  4- 6 |  7- 9 || total
-------------------------+-------+-------+-------++-------
Melee: Spear             |   101 |     9 |       ||   110
       Halberd           |       |   238 |    79 ||   317
       Scythe            |       |       |    35 ||    35
 Cast: Infusion          |     3 |     9 |     7 ||    19
       Shroud of Golubri |     1 |     3 |     1 ||     5
       Song of Slaying   |       |     1 |     1 ||     2
       Spectral Weapon   |       |     1 |       ||     1
       Regeneration      |       |       |     2 ||     2
 Stab: Sleeping          |     1 |       |     1 ||     2
  Eat: Chunk             |     1 |    10 |     3 ||    14
       Royal jelly       |       |       |     2 ||     2
Armor: Leather armour    |    14 |    65 |    12 ||    91
       Ring mail         |     2 |       |       ||     2
Dodge: Dodged            |    41 |   151 |    52 ||   244

Vault maps used:
D:1:      dpeg_arrival_erosion, minmay_misc_feat_doors, minmay_tall_x
D:2:      lemuel_coloured_pillars_altar, first_bread, serial_park_tiny_2
D:3:      grunt_temple_overflow_open, chequers_ecumenical_altar_grove,
          kennysheep_generic_room_16, uniq_natasha, uniq_ijyb
D:4:      minmay_temple_entry_purple_smoke
D:5:      minmay_strange_pillars, uniq_eustachio, uniq_duvessa, uniq_sigmund
Temple:   nicolae_temple_x_marks_the_god

Notes
Turn   | Place    | Note
-------+----------+-------------------------------------------
     0 | D:1      | SmokeFace the Merfolk Skald began the quest for the Orb.
     0 | D:1      | Reached XP level 1. HP: 16/16 MP: 3/3
   184 | D:1      | Reached XP level 2. HP: 23/23 MP: 5/5
   193 | D:1      | Reached skill level 4 in Polearms
   679 | D:1      | Reached XP level 3. HP: 28/28 MP: 6/6
  1336 | D:2      | Reached skill level 5 in Polearms
  1528 | D:1      | Learned a level 2 spell: Shroud of Golubria
  1532 | D:1      | Learned a level 3 spell: Spectral Weapon
  1540 | D:2      | Reached XP level 4. HP: 26/34 MP: 0/7
  1761 | D:2      | HP: 3/34 [poisoned by an adder]
  1769 | D:2      | HP: 2/34 [poisoned by an adder]
  2307 | D:2      | Reached skill level 3 in Fighting
  2307 | D:2      | Reached XP level 5. HP: 41/41 MP: 8/8
  2321 | D:2      | Found a snail-covered altar of Cheibriados.
  2326 | D:2      | Reached skill level 6 in Polearms
  2437 | D:2      | Learned a level 2 spell: Song of Slaying
  2828 | D:3      | Noticed Ijyb
  2840 | D:3      | Killed Ijyb
  2840 | D:3      | Reached skill level 4 in Charms
  3180 | D:3      | Reached skill level 7 in Polearms
  3219 | D:3      | Reached XP level 6. HP: 45/47 MP: 9/9
  3306 | D:3      | Found an ancient bone altar of Kikubaaqudgha.
  3307 | D:3      | Found a bloodstained altar of Trog.
  3349 | D:3      | Noticed Natasha
  3356 | D:3      | Killed Natasha
  3492 | D:3      | Noticed Natasha
  3501 | D:3      | Killed Natasha
  3589 | D:3      | Found a faded altar of an unknown god.
  3617 | D:3      | Noticed Natasha
  3633 | D:3      | Killed Natasha
  3640 | D:3      | HP: 2/48 [goblin/stone (5)]
  3885 | D:3      | Reached skill level 4 in Fighting
  3885 | D:3      | Reached skill level 8 in Polearms
  4010 | D:3      | Reached XP level 7. HP: 49/54 MP: 10/10
  4499 | D:4      | Reached skill level 5 in Charms
  5048 | D:4      | Found a staircase to the Ecumenical Temple.
  5059 | Temple   | Entered the Ecumenical Temple
  5066 | Temple   | Became a worshipper of Warmaster Okawaru
  5123 | D:5      | Entered Level 5 of the Dungeon
  5129 | D:5      | Noticed Eustachio
  5530 | D:5      | Noticed Sigmund
  5544 | D:5      | Reached skill level 9 in Polearms
  5766 | D:5      | Killed Sigmund
  5766 | D:5      | Reached * piety under Okawaru
  5766 | D:5      | Reached XP level 8. HP: 48/61 MP: 3/11
  5845 | D:5      | Learned a level 3 spell: Regeneration
  5878 | D:5      | Reached skill level 5 in Fighting
  5984 | D:5      | Reached skill level 10 in Polearms
  6126 | D:5      | HP: 6/62 [orc wizard/puff of flame (6)]
  6128 | D:5      | HP: 2/62 [orc wizard/dagger (2)]
  6130 | D:5      | Killed from afar by an orc wizard

Vanquished Creatures
  Sigmund (D:5)
  A sky beast (D:5)
  An ogre (D:3)
  2 jellies (D:5)
  2 hounds (D:4)
  An orc priest (D:5)
  4 orc wizards
  Ijyb (D:3)
  Natasha (thrice) (D:3)
  2 worker ants (D:4)
  4 gnolls (D:2)
  8 adders
  An ooze (D:3)
  An adder skeleton (D:4)
  4 worms
  4 dart slugs
  2 leopard geckos
  14 orcs
  6 giant cockroaches
  11 goblins
  13 hobgoblins
  5 jackals
  A quokka (D:3)
  3 ball pythons
  10 bats
  3 frilled lizards (D:2)
  A jackal skeleton (D:4)
  8 kobolds
  7 rats
124 creatures vanquished.
